 Seeded DCSS version 0.29.1-2-gbd0b4ee654 (webtiles) character file.

Game seed: 3930764789875095596 (custom seed)

233 Nerdsrcool the Trooper (level 6, -6/56 HPs)
             Began as a Meteoran Wanderer on Oct 25, 2022.
             Was a Follower of Okawaru.
             Mangled by a black bear (11 damage)
             ... created by the rage of Trog
             ... on level 4 of the Dungeon.
             The game lasted 00:10:39 (1303 turns).

Nerdsrcool the Trooper (Meteoran Wanderer)          Turns: 1303, Time: 00:10:39

Health: -6/56      AC:  7    Str: 14    XL:     6   Next: 50%
Magic:  9/10       EV: 12    Int: 20    God:    Okawaru [*.....]
Gold:   116        SH:  0    Dex:  9    Spells: 8/9 levels left

rFire   . . .      SeeInvis .   a - +1 hand axe
rCold   . . .      Faith    .   (no shield)
rNeg    . . .      Spirit   .   c - +0 robe
rPois   .          Reflect  .   (no helmet)
rElec   .          Harm     .   (no cloak)
rCorr   .          Rampage  .   (no gloves)
Will    .....      Clarity  +   o - +0 pair of boots
Stlth   +.........              g - amulet of regeneration
HPRegen 0.98/turn               j - +4 ring of protection
MPRegen 0.12/turn               (no ring)

@: glowing
A: sense surroundings 1, otherworldly, glowing, explore regen, clarity, wild
magic 1
a: Renounce Religion, Heroism


You were on level 4 of the Dungeon.
You worshipped Okawaru.
Okawaru was aware of your devotion.
You visited 2 branches of the dungeon, and saw 4 of its levels.

You collected 116 gold pieces.

Inventory:

Hand Weapons
 a - a +1 hand axe (weapon)
Armour
 c - a +0 robe (worn)
 o - a +0 pair of boots (worn)
Jewellery
 g - an amulet of regeneration (around neck)
 j - a +4 ring of protection (left hand)
Scrolls
 b - a scroll of teleportation {unknown}
 d - a scroll of fear {unknown}
 e - a scroll of magic mapping {unknown}
 i - a scroll of brand weapon {unknown}
 k - a scroll of fog {unknown}
 m - 2 scrolls of amnesia
 n - a scroll of identify {unknown}
Potions
 f - a potion of magic {unknown}
 h - a potion of lignification {unknown}
 l - a potion of brilliance {unknown}
 p - a potion of might
 q - a potion of flight {unknown}
 r - a potion of cancellation {unknown}


   Skills:
 + Level 5.3 Fighting
 + Level 3.2 Axes
 + Level 3.7 Dodging
 + Level 1.2 Stealth
 - Level 2.2 Spellcasting
 - Level 4.2 Earth Magic


You had 8 spell levels left.
You knew the following spells:

 Your Spells              Type           Power      Damage    Failure   Level
a - Sandblast             Erth           50%        2d12      4%          1

Your spell library contained the following spells:

 Spells                   Type           Power      Damage    Failure   Level
 Passwall                 Tmut/Erth      11%        N/A       14%         2
 Animate Armour           Summ/Erth      Unusable   N/A       N/A         4

Dungeon Overview and Level Annotations

Branches:
Dungeon (4/15) Zot: 654    Temple (1/1) D:4 Zot: 407

Altars:
Ashenzari
Cheibriados
Dithmenos
Fedhas
Gozag
Hepliaklqana
Kikubaaqudgha
Makhleb
Nemelex Xobeh
Okawaru
Qazlal
Ru
Sif Muna
Trog
Uskayaw
Vehumet
Wu Jian
Xom
Yredelemnul
Zin
The Shining One

Portals:
Ossuary: D:4


Innate Abilities, Weirdness & Mutations

You passively map a small area around you.
You are easily found by Zot.
You glow in the dark.
You regain HP and MP as you explore.
You possess an exceptional clarity of mind.
Your spells are a little harder to cast, but a little more powerful.


Message History

You see here a +0 spear.
b - a scroll labelled KAIVAI KEDEANI
There is a stone staircase leading down here.
k - a scroll labelled MOTELUJYOL
r - a fuming sapphire potion
Found a stone staircase leading up.
Found a stone staircase leading up.
Found 3 large rocks.
Found a sand-covered staircase.
You hear the quick hiss of an avalanche of sand very nearby.
A kobold comes into view. It is wielding a +0 short sword.
The kobold shouts!
The kobold throws a stone.
The stone hits you but does no damage.
The blast of sand hits the kobold!
You kill the kobold!
Okawaru accepts your kill.
Trog sends monsters to punish you. 5 black bears and a polar bear come into view.
The black bear moves out of view.
The black bear bites you but does no damage.
The black bear closely misses you.
The black bear claws you but does no damage.
The black bear rages.
There is a sand-covered staircase here.
The black bear bites you but does no damage.
The black bear claws you but does no damage. x2
The black bear bites you. The black bear claws you.
The black bear claws you but does no damage.
The polar bear bites you!!
The polar bear claws you but does no damage.
The polar bear claws you. The black bear barely misses you.
The black bear claws you but does no damage. x2
The polar bear bites you!
* * * LOW HITPOINT WARNING * * *
The polar bear claws you.
* * * LOW HITPOINT WARNING * * *
The polar bear claws you.
* * * LOW HITPOINT WARNING * * *
The black bear bites you!
You die...

####### *#
#...... .#
#.....##.# *
###........###,
*
#....#........
*
##.#.......#.#
,
......h@h..#.#
###....hh#...#
, #....h#h...#
#..........#.#
,
####.#...)...#
#....####### *
###.....# *
#...<#..# *
#.##....# *


You could see a polar bear (berserk) and 5 black bears.

Vanquished Creatures
  Eustachio (D:4)
  A gnoll bouda (D:4)
  3 gnolls (D:4)
  A dart slug (D:1)
  An endoplasm (D:1)
  4 giant cockroaches (D:1)
  7 hobgoblins
  5 kobolds
  A quokka (D:1)
  8 ball pythons
  4 bats
  2 frilled lizards
  4 goblins
  3 rats
45 creatures vanquished.

Notes
Turn   | Place    | Note
-------+----------+-------------------------------------------
     0 | D:1      | Nerdsrcool the Meteoran Wanderer began the quest for the
                  | Orb.
     0 | D:1      | Nerdsrcool set off with the following items: a +1 hand axe,
                  | a potion of heal wounds, a +0 robe; and the following spell
                  | memorised: Sandblast; and the following spells available to
                  | memorise: Passwall, Animate Armour.
     0 | D:1      | Reached XP level 1. HP: 22/22 MP: 3/3
    45 | D:1      | Reached XP level 2. HP: 28/28 MP: 1/5
   262 | D:1      | Reached XP level 3. HP: 35/35 MP: 4/6
   407 | D:1      | Found a faded altar of an unknown god.
   429 | D:1      | Prayed at the altar of an unknown god.
   429 | D:1      | Became a worshipper of Trog the Wrathful
   429 | D:1      | Reached * piety under Trog
   440 | D:1      | Was placed under penance by Trog
   441 | D:1      | Fell from the grace of Trog
   481 | D:1      | Glimpsed the power of Zot.
   531 | D:1      | Glimpsed the power of Zot.
   790 | D:2      | Reached XP level 4. HP: 41/41 MP: 6/8
   835 | D:2      | You fall into a shaft and drop 2 floors!
   839 | D:4      | Found a staircase to the Ecumenical Temple.
   841 | D:4      | Noticed Eustachio
   857 | Temple   | Entered the Ecumenical Temple
   965 | Temple   | Became a worshipper of Warmaster Okawaru
  1078 | D:4      | Gained mutation: You possess an exceptional clarity of
                  | mind. [potion of mutation]
  1078 | D:4      | Gained mutation: Your spells are a little harder to cast,
                  | but a little more powerful. [potion of mutation]
  1081 | D:4      | Killed Eustachio
  1081 | D:4      | Reached * piety under Okawaru
  1082 | D:4      | Reached skill level 5 in Fighting
  1082 | D:4      | Reached XP level 5. HP: 4/48 MP: 5/9
  1082 | D:4      | Reached XP level 6. HP: 5/56 MP: 5/10
  1293 | D:4      | Found a sand-covered staircase.
  1301 | D:4      | Noticed a black bear
  1301 | D:4      | Noticed a black bear
  1301 | D:4      | Noticed a black bear
  1301 | D:4      | Noticed a black bear
  1301 | D:4      | Noticed a black bear
  1301 | D:4      | Noticed a polar bear
  1303 | D:4      | Mangled by a black bear

Illustrated notes

Levels and vault maps discovered:
D:1:      amcnicky_arrival_wind_blow, layout_loops_ring,
          ebering_ecumenical_altar_ruins, minmay_worlds_worst_comb
D:2:      layout_loops_corners
D:4:      layout_basic, minmay_temple_entry_glass, nicolae_ossuary_entry_ruins,
          uniq_eustachio, uniq_natasha, uniq_sigmund
Temple:   minmay_crystal_snake_temple

Skill      XL: |  1  2  3  4  5  6 |
---------------+-------------------+-----
Earth Magic    | 4 |  4.2
Spellcasting   | 2 |  2.2
Fighting       | 5 |  5.3
Axes           | 2 3 |  3.2
Dodging        | 3 |  3.7
Stealth        | |  1.2

Action                   |  1- 3 |  4- 6 || total
-------------------------+-------+-------++-------
Melee: Hand axe          |     3 |    19 ||    22
 Cast: Sandblast         |    40 |    19 ||    59
Invok: Renounce Religion |     1 |       ||     1
  Use: Potion            |       |     3 ||     3
       Scroll            |       |     1 ||     1
Armor: Robe              |     3 |   102 ||   105
Dodge: Dodged            |     3 |    93 ||    96
